 Dungeon Crawl Stone Soup version 0.17-a0-125-g34d91a1 (webtiles) character file.

921 Ngotmuk the Covered (level 7, 0/66 HPs)
             Began as a Deep Dwarf Fighter on Mar 23, 2015.
             Slain by an orc wizard
             ... wielding a +0 dagger
              (1 damage)
             ... on level 5 of the Dungeon.
             The game lasted 00:17:15 (3302 turns).

Ngotmuk the Covered (Deep Dwarf Fighter)            Turns: 3302, Time: 00:17:15

Health: 0/66       AC:  4    Str: 26    XL:     7   Next: 84%
Magic:  7/7        EV: 16    Int:  8    God:
Gold:   276        SH: 11    Dex: 12    Spells: 0 memorised, 6 levels left

rFire  . . .     SeeInvis .     a - +0 long sword
rCold  . . .     Clarity  .     v - +1 robe of Fanaticism {rElec MR++ Str+4 Stlth-}
rNeg   . . .     SustAb   .     c - +0 shield
rPois  .         Gourm    .     (no helmet)
rElec  +         Spirit   .     (no cloak)
rCorr  .         Warding  .     i - +0 pair of gloves
rMut   .         Stasis   .     (no boots)
MR     +++..                    (no amulet)
Stlth  ..........               t - +5 ring of evasion
                                (no ring)

@: lethally poisoned (0 -> 0), non-regenerating, extremely resistant to hostile
enchantments, extremely unstealthy
A: damage resistance, recharge devices, sense surroundings 1, slow healing 3
a: Device Recharging


You were on level 5 of the Dungeon.
You were not hungry.

You visited 1 branch of the dungeon, and saw 5 of its levels.

You collected 276 gold pieces.

Inventory:

Hand weapons
 a - a +0 long sword (weapon)
Armour
 c - a +0 shield (worn)
 i - a +0 pair of gloves (worn)
 v - the +1 robe of Fanaticism (worn) {rElec MR++ Str+4 Stlth-}
   (You found it on level 4 of the Dungeon)

   It affects your strength (+4).
   It insulates you from electricity.
   It affects your resistance to hostile enchantments.
   It makes you less stealthy.
Jewellery
 o - an uncursed amulet of stasis
 t - a +5 ring of evasion (right hand)
Magical devices
 d - a wand of heal wounds (0)
Scrolls
 g - a scroll of remove curse
 h - 3 scrolls of identify
 l - a scroll of blinking
 m - a scroll of fear
Potions
 e - 2 potions of might
 n - a potion of brilliance {unknown}
 p - a potion of ambrosia {unknown}
 q - a potion of curing {unknown}
Comestibles
 f - 6 bread rations
 k - a beef jerky
 r - a meat ration


   Skills:
 + Level 4.6 Fighting
 + Level 4.6 Long Blades
 + Level 5.7 Armour
 + Level 2.8 Dodging
 + Level 5.6 Shields


You had 6 spell levels left.
You didn't know any spells.

Dungeon Overview and Level Annotations

Branches:
Dungeon (5/15)
 Temple: D:4-7

Altars:
Ashenzari


Innate Abilities, Weirdness & Mutations

You are resistant to damage.
You can recharge devices by infusing magical energy.
You passively map a small area around you.
You do not heal naturally.


Message History

The orc priest calls down the wrath of Beogh upon you.
Something smites you!
* * * LOW HITPOINT WARNING * * *
Evoke which item? (* to show all) (? for menu, Esc to quit)
Okay, then.
You cannot teleport because you are wearing an amulet of stasis.
Something hits you but does no damage.
A giant newt comes into view.
You hear some strange, mumbled words.
The puff of flame misses you.
Found a scroll of remove curse.
You cannot teleport because you are wearing an amulet of stasis.
Something hits you but does no damage. Something barely misses you.
Something hits you.
* * * LOW HITPOINT WARNING * * *
You cannot teleport because you are wearing an amulet of stasis.
Something hits you.
* * * LOW HITPOINT WARNING * * *
You remove your amulet of stasis.
Something hits you.
You die...

****** ###..†.# #.# #.
,,,,,*####....########## #.###.
****,.>...........†....#####.##..
*,*#####...##.####...l.....<..
*,* #...##.# #l#########.. *,*
#...##.# #S# ##. *,* ##...##.#
#o# #. ****,* #.......# #.# #.
,*,,,****#..o.##@####.####### #.
,,,,,,,,,....l##.{l.o.......# #.
**,*,,,,,........####.#.###.# *.
*,*******.#..#### #..#.#*,* *,
*,** *,#.,* *#[###l#,****,
**,,*** *,*,,******.## *#..,,,,*
*,,,,,* *,*,,,,,,,,.,***,.?,,,,,
*,,,,,****,**,******#*,*,*,******
,,,,,,,,**,,,,** *,,,,,,**,**** *


You could see an iguana and an orc priest.

Vanquished Creatures
  A water moccasin (D:5)
  An ice beast (D:5)
  An ogre (D:5)
  A centaur (D:3)
  A scorpion (D:4)
  2 crimson imps (D:5)
  2 orc priests
  An iguana (D:4)
  2 jellies (D:5)
  A giant frog skeleton (D:4)
  3 worker ants
  Natasha (thrice) (D:4)
  Jessica (D:2)
  A worker ant zombie (D:3)
  6 adders
  A worm (D:3)
  2 giant geckos
  An ooze (D:1)
  15 orcs
  6 bats
  A bat zombie (D:5)
  A giant cockroach (D:2)
  8 goblins
  7 hobgoblins
  6 kobolds
  A quokka (D:4)
  A ball python (D:4)
  A giant gecko skeleton (D:4)
  7 giant newts
  A quokka skeleton (D:5)
  10 rats
96 creatures vanquished.

Notes
Turn   | Place    | Note
--------------------------------------------------------------
     0 | D:1      | Ngotmuk, the Deep Dwarf Fighter, began the quest for the Orb.
     0 | D:1      | Reached XP level 1. HP: 20/20 MP: 1/1
   306 | D:1      | Reached XP level 2. HP: 27/27 MP: 2/2
   898 | D:2      | Reached XP level 3. HP: 30/34 MP: 3/3
  1203 | D:2      | Noticed Jessica
  1208 | D:2      | Killed Jessica
  1208 | D:2      | Reached XP level 4. HP: 21/42 MP: 4/4
  1433 | D:3      | Noticed a centaur
  1445 | D:3      | Killed a centaur
  1445 | D:3      | Reached skill level 4 in Armour
  1445 | D:3      | Reached XP level 5. HP: 18/49 MP: 5/5
  2070 | D:4      | Reached XP level 6. HP: 20/57 MP: 6/6
  2285 | D:4      | Found a shattered altar of Ashenzari.
  2348 | D:4      | Got a fine robe
  2359 | D:4      | Identified the cursed +1 robe of Fanaticism {rElec MR++ Str+4 Stlth-} (You found it on level 4 of the Dungeon)
  2568 | D:4      | Noticed Natasha
  2571 | D:4      | Killed Natasha
  2634 | D:4      | Noticed Natasha
  2642 | D:4      | Killed Natasha
  2642 | D:4      | Reached skill level 5 in Armour
  2660 | D:4      | Reached skill level 5 in Shields
  2678 | D:4      | Reached skill level 1 in Dodging
  2887 | D:4      | Noticed Natasha
  2893 | D:4      | Killed Natasha
  3012 | D:5      | Entered Level 5 of the Dungeon
  3018 | D:5      | Reached XP level 7. HP: 49/64 MP: 7/7
  3181 | D:5      | HP: 2/66 [ice beast (12)]
  3260 | D:5      | Noticed a water moccasin
  3279 | D:5      | Killed a water moccasin
  3299 | D:5      | HP: 3/66 [something (1)]
  3301 | D:5      | HP: 1/66 [something (2)]
  3302 | D:5      | Slain by an orc wizard

Action                   |  1- 3 |  4- 6 |  7- 9 || total
-------------------------+-------+-------+-------++-------
Melee: Long sword        |   122 |   215 |   104 ||   441
Evoke: Wand              |       |     2 |     3 ||     5
  Use: Scroll            |       |       |     7 ||     7
  Eat: Meat ration       |     1 |     1 |       ||     2
